AoeStats
← BSHammer

African Clearing

503929165Analyzed
4v4 RM · 1mo ago on Sep 3, 2026· 44m 0s· 8 players
Game mode
Random Map
Map size
Large (8 player)
Population
200
Speed
Normal
Resources
Standard
Victory
Conquest
Starting age
Dark Age
Ending age
Imperial Age
RankedLock teamsTeams togetherTeam positionsShared explorationLock speedFull tech treeHidden civsTurbo modeCheats
Victory
Defeat
🇺🇸 Burgundians · United States
1628
+10
🇨🇴 Gurjaras · Colombia
1581
+12
🇺🇸 Italians · United States
1560
+12
🇺🇸 Japanese · United States
1552
+13
🇺🇸 Mapuche · United States
1577
-15
🇺🇸 Franks · United States
1491
-12
🇺🇸 Britons · United States
1482
-12
🇨🇳 Burmese · China
1380
-8
busy pushing deer
8:08 Double-Bit Axe
15:29 Feudal Age
17:22 Bow Saw
19:22 Castle Age
17:32 Gold Mining
18:56 Scale Barding Armor
22:38 Two-Man Saw
23:06 Loom
24:37 Wheelbarrow
35:41 Husbandry
41:23 Fletching
41:54 Chain Barding Armor
42:46 Hand Cart
42:17 Town Watch
42:47 Bodkin Arrow
44:11 Gold Shaft Mining
43:27 Stone Mining
44:10 Ballistics
Xioeng | LvSP
12:21 Loom
14:24 Feudal Age
20:37 Castle Age
18:30 Double-Bit Axe
20:42 Stone Mining
24:08 Bow Saw
23:40 Horse Collar
24:39 Wheelbarrow
25:47 Hand Cart
26:19 Stone Shaft Mining
27:25 Heavy Plow
30:39 Gold Mining
35:12 Imperial Age
32:38 Town Watch
33:51 Bloodlines
33:42 Husbandry
33:48 Scale Barding Armor
33:53 Forging
34:06 Kshatriyas
35:15 Chain Barding Armor
36:21 Conscription
36:33 Crop Rotation
36:32 Heavy Camel Rider
37:50 Plate Barding Armor
37:53 Iron Casting
38:58 Elite Shrivamsha Rider
41:03 Hoardings
40:25 Fletching
40:37 Town Patrol
40:20 Treadmill Crane
treehugger
4:44 Loom
14:44 Feudal Age
15:12 Double-Bit Axe
15:58 Horse Collar
18:29 Castle Age
19:30 Bow Saw
20:36 Heavy Plow
21:32 Wheelbarrow
24:17 Stone Mining
24:18 Gold Mining
31:02 Imperial Age
28:40 Fletching
28:51 Padded Archer Armor
29:13 Ballistics
28:52 Town Watch
29:37 Hand Cart
29:50 Bodkin Arrow
31:10 Leather Archer Armor
31:04 Thumb Ring
31:54 Bracer
33:24 Chemistry
32:48 Conscription
36:03 Elite Genoese Crossbowman
39:52 Ring Archer Armor
41:14 Stone Shaft Mining
ashleylynn
9:39 Loom
11:59 Feudal Age
12:37 Town Watch
12:38 Double-Bit Axe
17:02 Scale Barding Armor
18:25 Wheelbarrow
18:40 Forging
24:34 Castle Age
23:04 Gold Mining
23:45 Horse Collar
24:44 Light Cavalry
25:37 Bloodlines
26:53 Iron Casting
27:58 Chain Barding Armor
28:54 Fletching
32:18 Bodkin Arrow
40:20 Stone Mining
koriko9397
13:52 Feudal Age
18:30 Castle Age
16:42 Double-Bit Axe
21:00 Bow Saw
20:32 Horse Collar
22:40 Loom
24:58 Wheelbarrow
26:58 Heavy Plow
34:58 Imperial Age
33:28 Hand Cart
33:11 Fletching
34:54 Gold Mining
35:37 Malon
35:46 Elite Skirmisher
36:07 Elite Bolas Rider
37:26 Conscription
39:37 Bodkin Arrow
39:43 Padded Archer Armor
43:56 Leather Archer Armor
JITUI1379
7:15 Loom
15:33 Feudal Age
22:41 Castle Age
24:08 Wheelbarrow
25:49 Town Watch
27:40 Hand Cart
27:31 Fishing Lines
32:46 Gillnets
38:44 Imperial Age
36:16 Man-at-Arms
36:41 Gambesons
36:56 Squires
36:36 Pikeman
37:11 Horse Collar
37:25 Long Swordsman
38:22 Heavy Plow
40:56 Conscription
40:43 Scale Mail Armor
41:46 Chain Mail Armor
42:34 Arson
42:13 Halberdier
43:17 Forging
Lucas Ducas
10:57 Loom
13:57 Feudal Age
14:40 Town Watch
16:10 Double-Bit Axe
18:34 Castle Age
19:30 Bow Saw
21:07 Husbandry
22:52 Forging
25:10 Wheelbarrow
26:05 Scale Barding Armor
30:29 Hand Cart
36:51 Imperial Age
34:46 Gold Mining
36:34 Stone Mining
37:20 Gold Shaft Mining
37:38 Chain Barding Armor
37:07 Cavalier
39:44 Chemistry
39:13 Masonry
39:01 Fletching
40:45 Bodkin Arrow
BSHammer
3:25 Loom
12:42 Feudal Age
14:24 Town Watch
17:58 Fletching
25:26 Castle Age
26:06 Bodkin Arrow
25:41 Crossbowman
28:40 Ballistics
33:05 Padded Archer Armor
41:56 Imperial Age
41:59 Yeomen
43:22 Bracer
Connection lost

Rejoining the realm…

Still unreachable

The connection could not be restored.

Session expired

The server has moved on; the page needs a fresh start.